 Dungeon Crawl Stone Soup version 0.18-a0-741-gff759c7 (webtiles) character file.

7899 velleities the Slicer (level 11, -6/54 HPs)
             Began as a Deep Elf Enchanter on Dec 10, 2015.
             Was a Priest of Kikubaaqudgha.
             Mangled by an unseen horror (11 damage)
             ... on level 10 of the Dungeon.
             The game lasted 00:21:54 (11282 turns).

velleities the Slicer (Deep Elf Enchanter)         Turns: 11282, Time: 00:21:55

Health: -6/54      AC:  9    Str:  5    XL:     11   Next: 2%
Magic:  26/26      EV: 16    Int: 27    God:    Kikubaaqudgha [***...]
Gold:   294        SH:  0    Dex: 17    Spells: 8 memorised, 4 levels left

rFire  + . .     SeeInvis .     k - +2 dagger (freeze)
rCold  + . .     Clarity  .     i - +2 robe {rC+ rF+}
rNeg   . . .     SustAt   .     (no shield)
rPois  .         Gourm    .     p - +2 hat {Int+3}
rElec  .         Spirit   .     J - +0 cloak
rCorr  .         Dismiss  .     H - +1 pair of gloves
rMut   .         Stasis   .     (no boots)
MR     ++...                    C - amulet of regeneration
Stlth  ++++......               s - +2 ring of intelligence
                                o - ring of protection from magic

@: about to teleport, very slightly contaminated, drained, very resistant to
hostile enchantments, stealthy
A: no striking features
a: Receive Corpses, Renounce Religion


You were on level 10 of the Dungeon.
You worshipped Kikubaaqudgha.
Kikubaaqudgha was most pleased with you.
You were not hungry.

You visited 2 branches of the dungeon, and saw 12 of its levels.

You collected 504 gold pieces.
You spent 210 gold pieces at shops.

Inventory:

Hand Weapons
 a - a +1 dagger
 k - a +2 dagger of freezing (weapon)
Armour
 i - a +2 robe of resistance (worn)
 p - a +2 hat of intelligence (worn)
 H - a +1 pair of gloves (worn)
 J - a +0 cloak (worn)
Jewellery
 o - a ring of protection from magic (left hand)
 s - a +2 ring of intelligence (right hand)
 C - an amulet of regeneration (around neck)
Wands
 r - a wand of slowing (36)
 K - a wand of teleportation (7)
Scrolls
 b - a scroll of blinking
 c - a scroll of fear
 e - 2 scrolls of enchant weapon
 j - a scroll of amnesia
 n - a scroll of identify
 E - 2 scrolls of remove curse
Potions
 g - a potion of lignification
 h - 2 potions of resistance
 l - 2 potions of brilliance
 m - a potion of invisibility {unknown}
 t - 2 potions of haste
 u - a potion of might
 B - a potion of magic
 L - a potion of mutation
Books
 v - Kikubaaqudgha's Disquisition on Evil Secrets
   (Kikubaaqudgha gifted it to you on level 6 of the Dungeon)

   Spells                             Type                      Level
   a - Pain                           Necromancy                   1
   b - Corpse Rot                     Necromancy                   2
   c - Sublimation of Blood           Necromancy                   2
   d - Regeneration                   Charms/Necromancy            3
   e - Control Undead                 Necromancy                   4
 x - Kikubaaqudgha's Papyrus of Stolen Souls
   (Kikubaaqudgha gifted it to you on level 9 of the Dungeon)

   Spells                             Type                      Level
   a - Animate Dead                   Necromancy                   4
   b - Excruciating Wounds            Charms/Necromancy            5
   c - Bolt of Draining               Conjuration/Necromancy       5
   d - Agony                          Necromancy                   5
   e - Dispel Undead                  Necromancy                   5
 A - a book of Flames

   Spells                             Type                      Level
   a - Flame Tongue                   Conjuration/Fire             1
   b - Throw Flame                    Conjuration/Fire             2
   c - Conjure Flame                  Conjuration/Fire             3
   d - Inner Flame                    Hexes/Fire                   3
   e - Sticky Flame                   Conjuration/Fire             4
   f - Fireball                       Conjuration/Fire             5
 I - an Akashic Record

   Spells                             Type                      Level
   a - Dispersal                      Translocation                6
   b - Malign Gateway                 Summoning/Translocation      7
   c - Disjunction                    Translocation                8
   d - Controlled Blink               Translocation                8
Comestibles
 d - 3 bread rations
 q - 6 meat rations
 w - 8 fruits
 D - 8 beef jerkies
 F - 10 royal jellies


   Skills:
 - Level 10.1(9.8) Short Blades
 - Level 6.5(6.2) Dodging
 - Level 10.0(9.7) Stealth
 + Level 9.5(9.3) Spellcasting
 + Level 1.9(1.7) Conjurations
 - Level 10.0(9.7) Hexes
 * Level 3.9(3.7) Necromancy


You had 4 spell levels left.
You knew the following spells:

 Your Spells              Type           Power        Failure   Level  Hunger
a - Inner Flame           Hex/Fire       #####...     1%          3    None
b - Ensorcelled Hibernat  Hex/Ice        #####.       1%          2    None
c - Confuse               Hex            ######..     1%          3    None
d - Tukima's Dance        Hex            ######..     1%          3    None
e - Corpse Rot            Necr           N/A          1%          2    None
f - Regeneration          Chrm/Necr      ###.......   10%         3    None
g - Animate Dead          Necr           N/A          12%         4    None
h - Bolt of Draining      Conj/Necr      ####......   41%         5    ####...


Dungeon Overview and Level Annotations

Branches:
Dungeon (11/15)            Temple (1/1) D:5
   Lair: D:8-11         Orc: D:9-12

Altars:
Ashenzari
Cheibriados
Dithmenos
Elyvilon
Fedhas
Gozag
Kikubaaqudgha
Makhleb
Nemelex Xobeh
Okawaru
Pakellas
Qazlal
Ru
Sif Muna
Trog
Vehumet
Xom
Yredelemnul
Zin
The Shining One

Shops:
D:4 [(   D:8 (   D:9 *


Message History

* * * LOW HITPOINT WARNING * * *
Something hits you!
* * * LOW HITPOINT WARNING * * *
Read which item? (? for menu, Esc to quit)
Okay, then.
Unknown command.
Drink which item? (? for menu, Esc to quit)
You feel better. Something hits you.
* * * LOW HITPOINT WARNING * * *
Something hits you but does no damage.
Drink which item? (? for menu, Esc to quit)
You feel better. Something hits you but does no damage. Something hits you!
* * * LOW HITPOINT WARNING * * *
Zapping:
K - a wand of teleportation (8)
Press: ? - help, Shift-Dir - straight line, f - you You feel strangely unstable.
This wand has 7 charges left.
Something hits you.
* * * LOW HITPOINT WARNING * * *
Something hits you!
You die...
Kikubaaqudgha rasps: "You have failed me!
Welcome... death!"

#. #......|....##
#..#...........# ###
#..#...........### ..#
#..'.............. ..#
......#..............
..##### .....
#.....#####.### ......#
.... #.....# #.#
......#############.....#
#.#
................@...>...#
#.###
#######....(..#######...#
#.... # #.......#.....#...#
#.... # #.......#.....'...#
#.... # #...)...#.....#...#
#.... #.......#.....#...#
#.... #.......#.....#...#
#....
#.......'.....#...#####....
#
#####...#.....#............


There were no monsters in sight!

Vanquished Creatures
  Joseph (D:9)
  Maurice (D:9)
  A two-headed ogre (D:3)
  A slime creature (D:7)
  Prince Ribbit (D:5)
  Grinder (D:5)
  6 yaks (D:9)
  A steam dragon (D:7)
  Menkaure (D:7)
  4 wolves (D:8)
  2 soldier ants (D:8)
  A water moccasin (D:7)
  2 ice beasts
  An orc warrior (D:9)
  A sky beast (D:9)
  3 wasps
  3 ogres
  6 phantoms
  A big kobold (D:8)
  7 centaurs
  3 giant frogs
  2 scorpions
  7 killer bees
  An electric eel (D:6)
  9 wights
  3 crimson imps
  A centaur zombie (D:6)
  3 giant frog zombies
  A gnoll shaman (D:10)
  4 orc priests
  5 jellies
  Jessica (D:2)
  2 hounds
  3 iguanas
  6 orc wizards
  13 worker ants
  A hound skeleton (D:10)
  2 worker ant zombies
  10 gnolls
  9 adders
  A shadow imp (D:8)
  14 oozes (D:7)
  2 adder skeletons
  An adder zombie (D:6)
  A worm (D:5)
  26 orcs
  9 bats
  6 giant cockroaches
  8 goblins
  4 hobgoblins
  14 jackals
  7 quokkas
  6 giant geckos
  8 giant newts
  A jackal zombie (D:6)
  10 kobolds
  10 rats
259 creatures vanquished.

Vanquished Creatures (collateral kills)
  Grum (D:8)
  An orc warrior (D:9)
  An orc priest (D:5)
  3 orcs
6 creatures vanquished.

Vanquished Creatures (others)
  An orc priest (D:4)
  An orc wizard (D:4)
  A worm (D:8)
  7 fungi (D:7)
10 creatures vanquished.

Grand Total: 275 creatures vanquished

Notes
Turn   | Place    | Note
--------------------------------------------------------------
     0 | D:1      | velleities the Deep Elf Enchanter began the quest for the Orb.
     0 | D:1      | Reached XP level 1. HP: 10/10 MP: 6/6
   303 | D:1      | Reached XP level 2. HP: 15/15 MP: 8/8
   307 | D:1      | Learned a level 2 spell: Ensorcelled Hibernation
   388 | D:2      | Noticed Jessica
   397 | D:2      | Killed Jessica
   397 | D:2      | Reached XP level 3. HP: 11/19 MP: 7/9
   505 | D:2      | Learned a level 3 spell: Confuse
   632 | D:2      | Reached skill level 5 in Stealth
   718 | D:2      | Reached XP level 4. HP: 24/24 MP: 10/10
   726 | D:2      | Learned a level 3 spell: Tukima's Dance
   785 | D:2      | Found a basalt altar of Yredelemnul.
   979 | D:3      | Reached skill level 5 in Hexes
  1230 | D:3      | Found a shadowy altar of Dithmenos.
  1311 | D:3      | Reached XP level 5. HP: 28/28 MP: 11/11
  1444 | D:3      | Found a glowing silver altar of Zin.
  1453 | D:3      | Found a snail-covered altar of Cheibriados.
  1456 | D:3      | Found a bloodstained altar of Trog.
  1459 | D:3      | Found an opulent altar of Gozag.
  1459 | D:3      | Noticed a two-headed ogre
  1471 | D:3      | Killed a two-headed ogre
  1471 | D:3      | Reached skill level 6 in Stealth
  1471 | D:3      | Reached XP level 6. HP: 21/32 MP: 0/12
  1895 | D:3      | Reached skill level 7 in Hexes
  1999 | D:4      | Found Weufreta's Antique Weapon Shoppe.
  2304 | D:4      | Reached XP level 7. HP: 31/36 MP: 9/13
  2404 | D:4      | Found a stormy altar of Qazlal.
  2486 | D:4      | Reached skill level 8 in Hexes
  2497 | D:4      | Found Fyowoa's Antique Armour Shop.
  2687 | D:4      | You fall through a shaft!
  2687 | D:5      | Entered Level 5 of the Dungeon
  2862 | D:5      | Found a staircase to the Ecumenical Temple.
  2880 | Temple   | Entered the Ecumenical Temple
  2919 | Temple   | Became a worshipper of Kikubaaqudgha
  3918 | D:5      | Found a shimmering altar of Xom.
  3919 | D:5      | Found a sacrificial altar of Ru.
  3920 | D:5      | Found a deep blue altar of Sif Muna.
  3931 | D:5      | Noticed Prince Ribbit
  3935 | D:5      | Killed Prince Ribbit
  3935 | D:5      | Reached skill level 9 in Hexes
  3935 | D:5      | Reached XP level 8. HP: 41/41 MP: 14/14
  3940 | D:5      | Learned a level 3 spell: Dazzling Spray
  3956 | D:5      | Reached skill level 5 in Short Blades
  4075 | D:5      | Noticed Grinder
  4089 | D:5      | Killed Grinder
  4089 | D:5      | Reached skill level 10 in Hexes
  5305 | D:6      | Reached * piety under Kikubaaqudgha
  5305 | D:6      | Received a gift from Kikubaaqudgha
  5306 | D:6      | Identified Kikubaaqudgha's Disquisition on Evil Secrets (Kikubaaqudgha gifted it to you on level 6 of the Dungeon)
  5310 | D:6      | Learned a level 2 spell: Corpse Rot
  5708 | D:6      | Reached XP level 9. HP: 26/45 MP: 6/18
  5974 | D:6      | Learned a level 3 spell: Regeneration
  6036 | D:6      | Reached skill level 5 in Spellcasting
  6428 | D:7      | Noticed Menkaure
  6442 | D:7      | Killed Menkaure
  6959 | D:7      | Found a glowing golden altar of the Shining One.
  6979 | D:7      | Found an oddly glowing altar of Pakellas.
  7140 | D:7      | Reached ** piety under Kikubaaqudgha
  7188 | D:7      | Reached skill level 10 in Stealth
  7541 | D:8      | Found Zemmip's Weapon Shoppe.
  7679 | D:8      | Reached XP level 10. HP: 42/50 MP: 15/22
  7953 | D:8      | Noticed Grum
  7993 | D:8      | Killed Grum
  8556 | D:8      | Paralysed by a wasp for 3 turns
  9152 | D:9      | Reached skill level 5 in Dodging
  9185 | D:9      | Noticed Joseph
  9200 | D:9      | Killed Joseph
  9200 | D:9      | Reached *** piety under Kikubaaqudgha
  9200 | D:9      | Received a gift from Kikubaaqudgha
  9203 | D:9      | Identified Kikubaaqudgha's Papyrus of Stolen Souls (Kikubaaqudgha gifted it to you on level 9 of the Dungeon)
  9227 | D:9      | Found Kiash's General Store.
  9235 | D:9      | Bought a scroll of blinking for 105 gold pieces
  9235 | D:9      | Bought a scroll of enchant armour for 105 gold pieces
  9331 | D:9      | Reached skill level 10 in Short Blades
  9408 | D:9      | Reached skill level 1 in Necromancy
  9425 | D:9      | Noticed Maurice
  9533 | D:9      | Killed Maurice
  9888 | D:9      | Learned a level 4 spell: Animate Dead
  9893 | D:9      | Learned a level 3 spell: Inner Flame
  9899 | D:9      | Learned a level 5 spell: Bolt of Draining
  9924 | D:9      | Reached skill level 1 in Conjurations
 10174 | D:10     | Entered Level 10 of the Dungeon
 11064 | D:10     | Reached XP level 11. HP: 54/54 MP: 21/26
 11282 | D:10     | Mangled by an unseen horror

Vault maps used:
D:1:      shiori_arrival_elements, hangedman_glass_teeth
D:2:      old_standard_altar, uniq_jessica
D:3:      nicolae_dithmenos_through_a_glass_darkly,
          grunt_temple_overflow_cloverleaf
D:4:      grunt_qazlal_clouds, serial_shops, shop_statue, nicolae_shop_trees,
          first_bread
D:5:      grunt_temple_overflow_open, minmay_temple_entry_crystal_x,
          uniq_grinder, uniq_prince_ribbit1
D:6:      minmay_crystal_water, st_stairs_8
D:7:      lemuel_slime, kennysheep_mini_moat, lemuel_crystal_altar,
          uniq_menkaure
D:8:      serial_shops, shop, hangedman_pestilent_swarm, uniq_grum
D:9:      serial_shops, nicolae_shop_competitors_out_of_business,
          serial_park_tiny_2, uniq_joseph, uniq_maurice
D:11:     grunt_lair_entry_elf_guard_hut, erik_orc_1, lab_entry_generic,
          serial_shops, nicolae_shop_competitors_out_of_business, uniq_psyche,
          uniq_gastronok, uniq_nergalle, uniq_erolcha
Temple:   cyrus_temple_forest_13

Action                   |  1- 3 |  4- 6 |  7- 9 | 10-12 || total
-------------------------+-------+-------+-------+-------++-------
Melee: Dagger            |    93 |   152 |   428 |   248 ||   921
 Cast: Ensorcelled Hiber |     7 |    25 |    66 |    55 ||   153
       Confuse           |       |     8 |    22 |    29 ||    59
       Tukima's Dance    |       |       |     2 |     4 ||     6
       Regeneration      |       |       |     1 |       ||     1
       Corpse Rot        |       |       |       |     3 ||     3
Evoke: Wand              |       |       |       |     1 ||     1
  Use: Potion            |     1 |     1 |     3 |     5 ||    10
       Scroll            |       |     7 |    14 |    12 ||    33
 Stab: Sleeping          |    12 |    25 |    53 |    36 ||   126
       Distracted        |       |     1 |     1 |       ||     2
       Confused          |       |     3 |    18 |    16 ||    37
       Paralysed         |       |       |       |     1 ||     1
  Eat: Chunk             |       |     6 |     6 |     1 ||    13
       Bread ration      |       |       |     3 |     1 ||     4
       Pizza             |       |       |       |     2 ||     2
       Fruit             |       |       |       |     1 ||     1
       Beef jerky        |       |       |       |     1 ||     1
